 Dungeon Crawl Stone Soup version 0.20-a0-502-g555d78b (webtiles) character file.

5210 Amnesiac the Thaumaturge (level 10, -2/63 HPs)
             Began as a Mummy Enchanter on Jan 20, 2017.
             Was an Initiate of Gozag.
             Slain by a wyvern (11 damage)
             ... on level 8 of the Dungeon.
             The game lasted 00:21:35 (9919 turns).

Amnesiac the Thaumaturge (Mummy Enchanter)          Turns: 9919, Time: 00:21:35

Health: -2/63      AC:  6    Str: 15    XL:     10   Next: 35%
Magic:  12/22      EV: 12    Int: 18    God:    Gozag
Gold:   1652       SH:  0    Dex: 12    Spells: 16/25 levels left

rFire    . . .     SeeInvis .   m - +2 dagger (speed)
rCold    + . .     Gourm    .   v - +2 robe {MR+}
rNeg     + + +     Faith    .   (no shield)
rPois    ∞         Spirit   .   (no helmet)
rElec    .         Reflect  .   j - +0 cloak
rCorr    .         Harm     .   t - +0 pair of gloves
MR       ++...                  (no boots)
Stlth    ++++......             (no amulet)
Regen    0.2/turn               a - ring of protection from fire
                                f - +3 ring of strength

@: no status effects
A: no food or potions, fire vulnerability, cold resistance 1, negative energy
resistance 3, torment resistance, unbreathing
a: Potion Petition, Call Merchant, Bribe Branch, Renounce Religion


You were on level 8 of the Dungeon.
You worshipped Gozag.
Gozag was most pleased with you.
You were not hungry.

You visited 2 branches of the dungeon, and saw 9 of its levels.

You collected 1714 gold pieces.
You paid 62 gold pieces to Gozag.

Inventory:

Hand Weapons
 h - a +0 demon blade of venom
 m - a +2 dagger of speed (weapon)
 p - a +1 antimagic flail
 u - a +2 scimitar of flaming
Missiles
 k - a throwing net (quivered)
Armour
 j - a +0 cloak (worn)
 t - a +0 pair of gloves (worn)
 v - a +2 robe of magic resistance (worn)
Jewellery
 a - a ring of protection from fire (right hand)
 f - a +3 ring of strength (left hand)
 r - an uncursed ring of see invisible
Scrolls
 b - 3 scrolls of immolation {unknown}
 d - 18 scrolls of identify {unknown}
 e - 3 scrolls of enchant weapon {unknown}
 g - 3 scrolls of teleportation {unknown}
 i - a scroll of fog {unknown}
 l - 2 scrolls of remove curse {unknown}
 n - a scroll of blinking {unknown}
 o - a scroll of fear {unknown}
 q - a scroll of recharging {unknown}
 s - a scroll of amnesia {unknown}
Books
 c - a book of Maledictions

   Spells                             Type                      Level
   a - Corona                         Hexes                        1
   b - Ensorcelled Hibernation        Hexes/Ice                    2
   c - Confuse                        Hexes                        3
   d - Tukima's Dance                 Hexes                        3
   e - Dazzling Spray                 Conjuration/Hexes            3


   Skills:
 + Level 6.4 Short Blades
 - Level 1.5 Dodging
 - Level 8.0 Stealth
 - Level 8.3 Spellcasting
 - Level 8.0 Hexes


You had 16 spell levels left.
You knew the following spells:

 Your Spells              Type           Power        Failure   Level  Hunger
e - Confuse               Hex            #####...     1%          3    N/A
f - Corona                Hex            #####..      1%          1    N/A
w - Tukima's Dance        Hex            #####...     1%          3    N/A
z - Ensorcelled Hibernat  Hex/Ice        ###...       2%          2    N/A

Dungeon Overview and Level Annotations

Branches:
Dungeon (8/15)             Temple (1/1) D:4
   Lair: D:8-11

Altars:
Ashenzari
Dithmenos
Elyvilon
Fedhas
Gozag
Hepliaklqana
Kikubaaqudgha
Makhleb
Okawaru
Qazlal
Ru
Sif Muna
Trog
Uskayaw
Vehumet
Xom
Zin


Innate Abilities, Weirdness & Mutations

You do not eat or drink.
Your flesh is vulnerable to fire.
You are immune to poison.
Your flesh is cold resistant. (rC+)
You are immune to negative energy. (rN+++)
You are immune to unholy pain and torment.
You can survive without breathing.


Message History

Aiming: Ensorcelled Hibernation
Press: ? - help, Shift-Dir - straight line, f/p - wyvern
Aim: a wyvern (chance to defeat MR: 50%)
The wyvern resists with some effort.
The wyvern closely misses you. The wyvern bites you.
Casting: Ensorcelled Hibernation
Confirm with . or Enter, or press ? or * to list all spells.
Aiming: Ensorcelled Hibernation
Press: ? - help, Shift-Dir - straight line, f/p - wyvern
Aim: a wyvern (chance to defeat MR: 50%)
The wyvern resists with some effort.
The wyvern bites you!
* * * LOW HITPOINT WARNING * * *
Casting: Ensorcelled Hibernation
Confirm with . or Enter, or press ? or * to list all spells.
Aiming: Confuse
Press: ? - help, Shift-Dir - straight line, f/p - wyvern
Aim: a wyvern (chance to defeat MR: 64%)
The wyvern struggles to resist.
The wyvern bites you!
You die...
Your body crumbles into a pile of gold.

#### ..# #.#
# ####.###
#.##....@.#
#.......#l#
#.##.#..#...
#.......#####
#....#.##
#..###.#
#..###.#
#......#
##.#####


You could see a wyvern.

Vanquished Creatures
  The ghost of crawlian the Cleaver, a novice BaGl of Cheibriados (D:6)
  4 hogs
  A human (D:7)
  3 orc warriors
  A black bear (D:7)
  4 ice beasts
  A sky beast (D:5)
  3 phantoms
  6 centaurs
  4 ogres
  5 bullfrogs
  5 scorpions
  A killer bee (D:8)
  3 howler monkeys
  7 crimson imps
  2 orc priests
  A hound (D:8)
  A jelly (D:5)
  5 orc wizards
  A centaur skeleton (D:4)
  An iguana (D:6)
  Ijyb (D:3)
  4 worker ants
  A killer bee zombie (D:7)
  A hound skeleton (D:7)
  4 worker ant zombies
  11 adders
  7 gnolls (D:6)
  An ooze (D:1)
  2 adder skeletons
  2 worms (D:2)
  2 dart slugs
  6 leopard geckos
  23 orcs
  7 bats
  7 giant cockroaches
  11 goblins
  7 hobgoblins
  15 jackals
  4 kobolds
  4 quokkas
  2 ball pythons
  4 frilled lizards
  A jackal skeleton (D:4)
  11 rats
198 creatures vanquished.

Vanquished Creatures (collateral kills)
  Erica (D:8)
  An ogre (D:4)
2 creatures vanquished.

Vanquished Creatures (others)
  An adder skeleton (D:6)
1 creature vanquished.

Grand Total: 201 creatures vanquished

Notes
Turn   | Place    | Note
-------+----------+-------------------------------------------
     0 | D:1      | Amnesiac the Mummy Enchanter began the quest for the Orb.
     0 | D:1      | Reached XP level 1. HP: 13/13 MP: 4/4
   104 | D:1      | Reached skill level 1 in Short Blades
   140 | D:1      | Reached XP level 2. HP: 3/19 MP: 3/5
   144 | D:1      | Learned a level 2 spell: Ensorcelled Hibernation
   848 | D:3      | Noticed Ijyb
   879 | D:4      | Found a staircase to the Ecumenical Temple.
   885 | Temple   | Entered the Ecumenical Temple
  1041 | Temple   | Became a worshipper of Gozag Ym Sagoz the Greedy
  1063 | D:4      | Reached XP level 3. HP: 20/24 MP: 1/7
  1117 | D:3      | Learned a level 3 spell: Confuse
  1158 | D:3      | Killed Ijyb
  1393 | D:4      | Noticed a phantom
  1503 | D:3      | Reached XP level 4. HP: 25/30 MP: 6/8
  2409 | D:2      | Learned a level 3 spell: Tukima's Dance
  2995 | D:3      | Reached XP level 5. HP: 35/35 MP: 3/10
  3446 | D:4      | Killed a phantom
  3446 | D:4      | Reached XP level 6. HP: 41/41 MP: 8/11
  3489 | D:4      | Found a stormy altar of Qazlal.
  4147 | D:4      | Reached XP level 7. HP: 32/46 MP: 2/12
  4531 | D:5      | Entered Level 5 of the Dungeon
  4817 | D:5      | Reached skill level 5 in Stealth
  5034 | D:5      | Reached XP level 8. HP: 36/52 MP: 3/14
  6210 | D:6      | Noticed crawlian's ghost (novice BaGl)
  6694 | D:6      | Reached skill level 5 in Short Blades
  6970 | D:6      | Reached XP level 9. HP: 40/57 MP: 7/16
  7556 | D:6      | Killed crawlian's ghost
  7556 | D:6      | Reached skill level 5 in Spellcasting
  7556 | D:6      | Reached skill level 5 in Hexes
  8953 | D:7      | Reached XP level 10. HP: 63/63 MP: 21/21
  9271 | D:8      | Noticed Erica
  9290 | D:8      | Killed Erica
  9371 | D:8      | Noticed a cyclops
  9919 | D:8      | Slain by a wyvern

Vault maps used:
D:1:      minmay_arrival_four_houses, lemuel_another_geyser
D:3:      kennysheep_the_goblin_king
D:4:      cheibrodos_quashed, grunt_qazlal_clouds
D:5:      first_bread, kennysheep_dice
D:6:      lemuel_flame_loot_1
D:7:      st_stairs_7, grunt_livestock
D:8:      minmay_small_thing, uniq_erica
Temple:   roderic_octagonal_lattice_temple

Skill      XL: |  1  2  3  4  5  6  7  8  9 10 |
---------------+-------------------------------+-----
Short Blades   | 1 3 4 5 6 |  6.4
Hexes          | 3 4 7 8 |  8.0
Spellcasting   | 3 4 7 8 |  8.3
Stealth        | 3 6 8 |  8.0
Dodging        | |  1.5

Action                   |  1- 3 |  4- 6 |  7- 9 | 10-12 || total
-------------------------+-------+-------+-------+-------++-------
Melee: Dagger            |    86 |   277 |   590 |    71 ||  1024
 Cast: Corona            |    11 |     2 |       |       ||    13
       Ensorcelled Hiber |    12 |    37 |    80 |    13 ||   142
       Confuse           |       |    13 |    59 |     9 ||    81
       Tukima's Dance    |       |     1 |     4 |     2 ||     7
Invok: Potion Petition   |       |       |     1 |       ||     1
 Stab: Sleeping          |     7 |    25 |    33 |    11 ||    76
       Distracted        |     1 |       |     1 |       ||     2
       Confused          |       |     9 |    25 |     4 ||    38
Armor: Robe              |    23 |     3 |       |     2 ||    28
       Ring mail         |       |    95 |   139 |    13 ||   247
Dodge: Dodged            |    84 |   113 |   194 |    21 ||   412
